 Dungeon Sprint DCSS version 0.26-a0-180-ge96aa7da28 (webtiles) character file.

Game seed: 8026732566793722839

21870 Apogee the Severer (level 12, -3/127 HPs)
             Began as a Hill Orc Fighter on July 3, 2020.
             Was the Champion of Makhleb.
             Hit by a silver javelin thrown by a merfolk javelineer (17 damage)
             ... in the Dungeon (Sprint V: "Ziggurat Sprint").
             The game lasted 00:18:10 (1271 turns).

Apogee the Severer (Hill Orc Fighter)               Turns: 1271, Time: 00:18:10

Health: -3/127     AC: 38    Str: 35    XL:     12   Next: 94%
Magic:  9/9        EV:  8    Int:  4    God:    Makhleb [******]
Gold:   0          SH: 33    Dex: 10    Spells: 11/11 levels left

rFire    . . .     SeeInvis .   n - +3 war axe "Tuommosch" {holy, Fragile rPois Str+9 Dex-3}
rCold    . . .     Faith    .   R - +18 shield of the Gong {rElec rN+ MR+ EV-5}
rNeg     + . .     Spirit   .   Q - +15 Maxwell's patent armour {-Cast -Tele rElec MR+ rCorr}
rPois    +         Reflect  .   (no helmet)
rElec    +         Harm     .   (no cloak)
rCorr    +         NoTele   +   (no gloves)
MR       ++...     NoCast   +   S - +0 pair of boots {run}
Stlth    ..........             I - amulet of regeneration
HPRegen  0.71/turn              N - +4 ring of protection
MPRegen  0.11/turn              C - ring "Xomagol" {rPois MP-9 Str+2 Int-4 Dex+3 Slay+2} (curse)

@: mesmerised, quick
A: no striking features
a: Minor Destruction, Lesser Servant of Makhleb, Major Destruction, Greater
Servant of Makhleb, Renounce Religion


You were in the Dungeon.
You worshipped Makhleb.
Makhleb was exalted by your worship.
You were not hungry.

You visited 1 branch

Inventory:

Hand Weapons
 n - the +3 war axe "Tuommosch" (weapon) {holy, Fragile rPois Str+9 Dex-3}
   (You found it in the Dungeon)

   It has been blessed by the Shining One to cause great damage to the undead
   and demons.
   It affects your strength (+9).
   It affects your dexterity (-3).
   It protects you from poison.
   It will be destroyed if unequipped.
 q - a +5 broad axe of freezing
Armour
 o - a +3 tower shield
 Q - the +15 Maxwell's patent armour (worn) {-Cast -Tele rElec MR+ rCorr}
   (You found it in the Dungeon)

   It insulates you from electricity.
   It affects your resistance to hostile enchantments.
   It prevents spellcasting.
   It prevents most forms of teleportation.
   It provides partial protection from all sources of acid and corrosion.
 R - the +18 shield of the Gong (worn) {rElec rN+ MR+ EV-5}
   (You found it in the Dungeon)

   It affects your evasion (-5).
   It insulates you from electricity.
   It protects you from negative energy.
   It affects your resistance to hostile enchantments.
 S - a +0 pair of boots of running (worn)
Jewellery
 a - an uncursed ring of ice
 c - the ring of Rationality {rElec Dex+6}
   (You found it in the Dungeon)

   [ring of dexterity]

   It affects your dexterity (+6).
   It insulates you from electricity.
 l - the ring of the Past {rF+ Stlth+}
   (You took it off an iron imp in the Dungeon)

   [ring of protection from fire]

   It protects you from fire.
   It makes you more stealthy.
 C - the cursed ring "Xomagol" (right hand) {rPois MP-9 Str+2 Int-4 Dex+3 Slay+2}
   (You found it in the Dungeon)

   [ring of intelligence]

   It affects your strength (+2).
   It affects your intelligence (-4).
   It affects your dexterity (+3).
   It affects your accuracy and damage with ranged weapons and melee attacks
   (+2).
   It protects you from poison.
   It affects your magic capacity (-9).
   It has a curse placed upon it.
 E - the ring "Itegapum" {Ice rN+ Str-2 Dex+7}
   (You found it in the Dungeon)

   [ring of ice]

   It enhances your ice magic.
   It affects your strength (-2).
   It affects your dexterity (+7).
   It makes you vulnerable to fire.
   It protects you from cold.
   It protects you from negative energy.
 G - an uncursed ring of flight
 H - an uncursed amulet of guardian spirit
 I - an amulet of regeneration (around neck)
 L - a +6 ring of strength
 M - a +6 ring of strength
 N - a +4 ring of protection (left hand)
 T - an uncursed ring of positive energy
 U - an uncursed ring of stealth
 W - an uncursed ring of resist corrosion
Wands
 y - a wand of disintegration (7)
 F - a wand of acid (1)
Scrolls
 b - 2 scrolls of brand weapon
 k - 4 scrolls of blinking {!r}
 r - 4 scrolls of enchant weapon
 s - 4 scrolls of amnesia
 t - 12 scrolls of fog
 u - a scroll of holy word
 v - 5 scrolls of identify
 w - 5 scrolls of remove curse
 x - 2 scrolls of fear
Potions
 d - 6 potions of might
 e - 10 potions of curing
 g - 10 potions of heal wounds
 h - 6 potions of haste
 i - 7 potions of magic
 j - 3 potions of berserk rage {!q}
 z - 2 potions of brilliance
 A - 2 potions of invisibility
 B - 3 potions of resistance
 D - 5 potions of stabbing
Miscellaneous
 P - 2 phantom mirrors
Comestibles
 f - 8 rations


   Skills:
 - Level 18.0 Fighting
 - Level 18.0 Axes
 - Level 18.0 Armour
 + Level 9.6 Dodging
 - Level 15.0 Shields
 + Level 9.1 Invocations


You had 11 spell levels left.
You didn't know any spells.
Your spell library contained the following spells:

 Spells                   Type           Power        Failure   Level  Hunger
 Corona                   Hex            #......      91%         1    ##.....
 Shock                    Conj/Air       #...         91%         1    ##.....
 Corpse Rot               Necr/Air       N/A          97%         2    ###....
 Ensorcelled Hibernation  Hex/Ice        #.....       97%         2    ###....
 Passwall                 Tmut/Erth      #.......     97%         2    ###....
 Poisonous Vapours        Pois/Air       #.....       97%         2    ###....
 Slow                     Hex            #.......     97%         2    ###....
 Swiftness                Chrm/Air       #.......     97%         2    ###....
 Confusing Touch          Hex            #.......     99%         3    ####...
 Dazzling Flash           Conj/Hex       #.....       99%         3    ####...
 Inner Flame              Hex/Fire       #.......     99%         3    ####...
 Portal Projectile        Hex/Tloc       #.....       99%         3    ####...
 Static Discharge         Conj/Air       #.......     99%         3    ####...
 Summon Guardian Golem    Hex/Summ       #.......     99%         3    ####...
 Teleport Other           Tloc           #.......     99%         3    ####...
 Tukima's Dance           Hex            #.......     99%         3    ####...
 Airstrike                Air            #.........   100%        4    #####..
 Cause Fear               Hex            #.........   100%        4    #####..
 Leda's Liquefaction      Hex/Erth       #.........   100%        4    #####..
 Passage of Golubria      Tloc           N/A          100%        4    #####..
 Sticky Flame             Conj/Fire      #.......     100%        4    #####..
 Bolt of Magma            Conj/Fire/Erth #.........   100%        5    ######.
 Lee's Rapid Deconstruct  Erth           #.........   100%        5    ######.
 Lightning Bolt           Conj/Air       #.........   100%        5    ######.
 Metabolic Englaciation   Hex/Ice        #.........   100%        5    ######.
 Silence                  Hex/Air        #.........   100%        5    ######.
 Yara's Violent Unravell  Hex/Tmut       #.........   100%        5    ######.
 Darkness                 Hex            #.........   100%        6    #######
 Invisibility             Hex            #.......     100%        6    #######
 Statue Form              Tmut/Erth      #........    100%        6    #######
 Discord                  Hex            #.........   100%        8    #######
 Tornado                  Air            #.........   100%        9    #######


Dungeon Overview and Level Annotations

Branches:
Dungeon (1/1)

Altars:
Ashenzari
Cheibriados
Dithmenos
Elyvilon
Fedhas
Gozag
Hepliaklqana
Kikubaaqudgha
Makhleb
Nemelex Xobeh
Okawaru
Qazlal
Ru
Sif Muna
Trog
Uskayaw
Vehumet
Wu Jian
Xom
Yredelemnul
Zin
The Shining One
Beogh
Jiyva
Lugonu


Message History

The merfolk avatar chants its luring song.
The merfolk javelineer throws a silver javelin.
The silver javelin pierces through you but does no damage.
* * * LOW HITPOINT WARNING * * *
You block the sea snake's attack.
SHROANNG!
You block the snapping turtle's attack.
SHROANNG!
You hit the sea snake.
The sea snake is almost dead.
You slice the snapping turtle!! You barely miss the merfolk javelineer.
You block the merfolk's attack.
PTOANNNG!
You block the merfolk's attack.
PTOANNNG!
The sea snake bites you but does no damage.
The merfolk avatar chants its luring song.
The merfolk javelineer throws a silver javelin.
The silver javelin pierces through you!
You die...

▓..... ▓≈.|}:≈)):
▓.▓... ▓...}[=)}=.
▓...©.
▓..≈..≈.≈≈..▓▓▓▓▓▓
▓..≈.m≈.≈...▓...8©
▓≈≈..≈≈...≈.▓..)..
▓mcE.≈.≈...≈▓...[)
▓mtm.≈≈....≈▓.....
▓@S▓≈≈..≈▓≈.▓.....
▓.≈m≈≈≈.≈.≈.▓.....
▓(....©.≈...▓.....
▓▓▓▓▓▓▓▓▓▓▓▓▓.▓...
▓....8©8....▓....©
▓..|...)....▓▓▓▓▓▓
▓...|.|.)...▓...8©
▓...........▓...}.
▓...........▓....)


You could see a merfolk avatar (mesmerising), a merfolk javelineer, a satyr
(scary), a sea snake, a merfolk aquamancer, a snapping turtle, 2 merfolk and a
water elemental.

Vanquished Creatures
  An iron giant (D)
  A reaper (D)
  2 ice dragons (D)
  A merfolk aquamancer (D)
  2 dancing weapons (D)
  A death scarab (D)
  A hell hog (D)
  3 deep elf knights (D)
  A skeletal warrior (D)
  3 sea snakes (D)
  3 deep elf archers (D)
  6 deep elf magi (D)
  2 harpies (D)
  A cyclops (D)
  A water nymph (D)
  A rime drake (D)
  A tormentor (D)
  2 red devils (D)
  A jumping spider (D)
  A hornet (D)
  2 wind drakes (D)
  A snapping turtle (D)
  An air elemental (D)
  A shadow (D)
  5 spriggans (D)
  2 tarantellas (D)
  A chaos spawn (D)
  An acid dragon (D)
  A water moccasin (D)
  4 black bears (D)
  An ice beast (D)
  A wolf (D)
  An earth elemental (D)
  5 scorpions (D)
  A wight (D)
  A crimson imp (D)
  3 iron imps (D)
  An adder (D)
  2 shadow imps (D)
  5 white imps (D)
  2 ufetubi (D)
  2 bat zombies (D)
  A ball python (D)
  A giant cockroach simulacrum (D)
  A leopard gecko simulacrum (D)
82 creatures vanquished.

Vanquished Creatures (collateral kills)
  A fire dragon (D)
  An ice dragon (D)
  A swamp dragon (D)
  A manticore (D)
  A rime drake (D)
  2 wyverns (D)
  An acid dragon (D)
8 creatures vanquished.

Vanquished Creatures (others)
  A harpy (D)
1 creature vanquished.

Grand Total: 91 creatures vanquished

Notes
Turn   | Place    | Note
-------+----------+-------------------------------------------
     0 | D        | Apogee the Hill Orc Fighter began the quest for the Orb.
     0 | D        | Reached XP level 1. HP: 19/19 MP: 1/1
    13 | D        | Found a blossoming altar of Fedhas.
    14 | D        | Found the +6 Majin-Bo {vamp, Archmagi MP+6 Int+6}
    14 | D        | Found the +7 great mace "Firestarter" {inner flame, rF++}
    26 | D        | Found a viscous altar of Jiyva.
    26 | D        | Found a hazy altar of Hepliaklqana.
    26 | D        | Found a transporter.
    26 | D        | Found an opulent altar of Gozag.
    26 | D        | Found an ancient bone altar of Kikubaaqudgha.
    26 | D        | Found a corrupted altar of Lugonu.
    42 | D        | Found a burning altar of Makhleb.
    43 | D        | Found a sacrificial altar of Ru.
    43 | D        | Found a stormy altar of Qazlal.
    43 | D        | Found a shimmering blue altar of Sif Muna.
    43 | D        | Found an iron altar of Okawaru.
    43 | D        | Found a bloodstained altar of Trog.
    43 | D        | Found a sparkling altar of Nemelex Xobeh.
    77 | D        | Found the +9 heavy crossbow "Sniper" {vorpal, Acc+∞ SInv}
    77 | D        | Found the +10 dark maul {vorpal}
    77 | D        | Found the +15 Maxwell's patent armour {-Cast -Tele rElec
                  | MR+ rCorr}
    77 | D        | Found the +18 shield of the Gong {rElec rN+ MR+ EV-5}
    77 | D        | Found the cursed +14 obsidian axe {vorpal, +Fly SInv
                  | *Curse}
    79 | D        | Found the +6 shillelagh "Devastator" {shatter}
    79 | D        | Found the +11 plutonium sword {*Contam Stlth-}
    79 | D        | Found the +8 lance "Wyrmbane" {slay drac, rPois rF+ rC+
                  | AC+3}
    79 | D        | Found the +9 sword of Zonguldrok {reap}
    79 | D        | Found the cursed +13 scythe of Curses {drain, *Curse}
    79 | D        | Found the +0 sword of Power
    79 | D        | Found the +7 mace of Variability {chain chaos}
    79 | D        | Found the +7 Singing Sword {vorpal, sonic wave}
    79 | D        | Found the +8 storm bow {elec, penet}
    91 | D        | Reached skill level 10 in Axes
    91 | D        | Reached XP level 2. HP: 26/26 MP: 2/2
   108 | D        | Became a worshipper of Makhleb the Destroyer
   115 | D        | Entered arena 2.
   115 | D        | Noticed a death scarab
   115 | D        | Found a transporter.
   125 | D        | Killed a death scarab
   125 | D        | Reached XP level 3. HP: 4/42 MP: 3/3
   125 | D        | Reached XP level 4. HP: 5/50 MP: 4/4
   125 | D        | Reached XP level 5. HP: 6/57 MP: 5/5
   125 | D        | Reached XP level 6. HP: 6/63 MP: 6/6
   125 | D        | Reached XP level 7. HP: 7/70 MP: 7/7
   416 | D        | Entered arena 3.
   416 | D        | Found a transporter.
   419 | D        | Reached * piety under Makhleb
   430 | D        | Entered arena 4.
   430 | D        | Noticed a spriggan
   430 | D        | Noticed a spriggan
   430 | D        | Noticed a spriggan
   430 | D        | Found a transporter.
   431 | D        | Identified the +6 hand crossbow "Buohudeots" {venom, Str+2
                  | Int+3 Dex+4}
   433 | D        | Killed a spriggan
   433 | D        | Reached ** piety under Makhleb
   433 | D        | Reached skill level 10 in Fighting
   433 | D        | Reached XP level 8. HP: 79/79 MP: 8/8
   441 | D        | Killed a spriggan
   442 | D        | Killed a spriggan
   458 | D        | Entered arena 5.
   458 | D        | Found a transporter.
   460 | D        | Reached *** piety under Makhleb
   460 | D        | Reached skill level 10 in Shields
   468 | D        | Got the Incunabulum of Warped Lightness
   472 | D        | Entered arena 6.
   472 | D        | Found a transporter.
   476 | D        | Reached **** piety under Makhleb
   480 | D        | Reached ***** piety under Makhleb
   500 | D        | Entered arena 7.
   500 | D        | Noticed a spriggan
   500 | D        | Noticed a spriggan rider
   506 | D        | Killed a spriggan
   506 | D        | Reached skill level 15 in Axes
   509 | D        | Reached XP level 9. HP: 86/86 MP: 9/9
   517 | D        | Killed a spriggan rider
   517 | D        | Killed a hornet
   519 | D        | Found a transporter.
   533 | D        | Got the +8 great sword of Joih {venom, +Blink rC- rN+++
                  | Dex+3}
   537 | D        | Entered arena 8.
   537 | D        | Noticed a red devil
   543 | D        | Reached ****** piety under Makhleb
   550 | D        | Found a transporter.
   553 | D        | Killed a red devil
   565 | D        | Got the +2 crystal plate armour of Serendipity {Dex+5}
   573 | D        | Entered arena 9.
   573 | D        | Noticed a deep elf mage
   573 | D        | Noticed a deep elf mage
   573 | D        | Noticed a +4 dire flail of holy wrath
   573 | D        | Noticed a deep elf mage
   573 | D        | Noticed a deep elf knight
   573 | D        | Noticed a deep elf archer
   573 | D        | Noticed a deep elf mage
   574 | D        | Identified the +10 rapier "Newtslayer" {flame, rPois}
   582 | D        | Killed a +4 dire flail of holy wrath
   582 | D        | Reached XP level 10. HP: 61/94 MP: 10/10
   584 | D        | Killed a deep elf mage
   587 | D        | Killed a deep elf archer
   587 | D        | Reached skill level 15 in Shields
   587 | D        | Killed a deep elf mage
   587 | D        | Reached skill level 10 in Armour
   588 | D        | Killed a deep elf mage
   600 | D        | Killed a deep elf mage
   603 | D        | Killed a deep elf knight
   605 | D        | Found a transporter.
   678 | D        | Got the ring of Rationality {rElec Dex+6}
   707 | D        | Entered arena 10.
   708 | D        | Found the +5 robe of Misfortune {*Contam Harm *Corrode
                  | *Drain *Slow EV+5}
   716 | D        | Reached XP level 11. HP: 107/107 MP: 17/17
   720 | D        | Found a transporter.
   741 | D        | Entered arena 11.
   741 | D        | Noticed a +2 scimitar of holy wrath
   741 | D        | Noticed a deep elf mage
   741 | D        | Noticed a deep elf archer
   741 | D        | Noticed a deep elf knight
   741 | D        | Noticed a deep elf archer
   741 | D        | Noticed a deep elf knight
   741 | D        | Noticed a deep elf mage
   742 | D        | Identified the +1 great sword of Sin {freeze, +Rage rElec
                  | rPois rF-}
   743 | D        | Found a transporter.
   745 | D        | Killed a +2 scimitar of holy wrath
   748 | D        | Killed a deep elf knight
   748 | D        | Killed a deep elf mage
   754 | D        | Killed a deep elf mage
   760 | D        | Killed a deep elf knight
   761 | D        | Killed a deep elf archer
   778 | D        | Killed a deep elf archer
   778 | D        | Reached skill level 15 in Fighting
   781 | D        | Got the Almanac of the Arsonist and Stones
   789 | D        | Identified a +0 pair of boots of running (You found it in
                  | the Dungeon)
   820 | D        | Entered arena 12.
   820 | D        | Noticed a cyclops
   820 | D        | Noticed a sea snake
   820 | D        | Noticed a harpy
   820 | D        | Noticed a sea snake
   820 | D        | Noticed a merfolk aquamancer
   822 | D        | Noticed a harpy
   824 | D        | Killed a harpy
   826 | D        | Killed a merfolk aquamancer
   827 | D        | Killed a harpy
   829 | D        | Reached skill level 15 in Armour
   830 | D        | Killed a sea snake
   834 | D        | Killed a sea snake
   838 | D        | Killed a cyclops
   838 | D        | Reached XP level 12. HP: 125/125 MP: 18/18
   844 | D        | Found a transporter.
   850 | D        | Got the +3 war axe "Tuommosch" {holy, Fragile rPois Str+9
                  | Dex-3}
   853 | D        | Got the +6 shortbow "Igrac" {flame, rElec rC+++ Str-2
                  | Int-3}
   861 | D        | Got the Tome of Earthen Beguiling
   883 | D        | Entered arena 13.
   883 | D        | Noticed a fire dragon
   883 | D        | Noticed an ice dragon
   883 | D        | Noticed an ice dragon
   883 | D        | Noticed an ice dragon
   896 | D        | Found a transporter.
   897 | D        | Killed an ice dragon
   897 | D        | Killed a fire dragon
   901 | D        | Killed an ice dragon
   903 | D        | Killed an ice dragon
   918 | D        | Got the cursed ring "Xomagol" {rPois MP-9 Str+2 Int-4 Dex+3
                  | Slay+2}
   920 | D        | Got the ring "Itegapum" {Ice rN+ Str-2 Dex+7}
   940 | D        | Entered arena 14.
   942 | D        | Noticed an iron giant
   942 | D        | Noticed a reaper
   949 | D        | Noticed a hell hog
   958 | D        | Killed a hell hog
   964 | D        | Noticed a balrug
   965 | D        | Noticed a cacodemon
   976 | D        | Killed a reaper
   976 | D        | Reached skill level 5 in Dodging
   976 | D        | Identified the ring of the Past {rF+ Stlth+}
   980 | D        | Killed an iron giant
   999 | D        | Found a transporter.
  1016 | D        | Got the +7 lajatang of Change {vorpal, rN+ SInv}
  1237 | D        | Entered arena 15.
  1240 | D        | Noticed a merfolk javelineer
  1240 | D        | Noticed a merfolk impaler
  1240 | D        | Noticed a satyr
  1240 | D        | Noticed a merfolk aquamancer
  1241 | D        | Identified the ring of Aqecom {rCorr Str+2}
  1242 | D        | Noticed a merfolk avatar
  1271 | D        | Hit by a silver javelin thrown by a merfolk javelineer

Illustrated notes

Levels and vault maps discovered:
D:        sprint_v [room_start, room_1, room_2, room_3, room_4, room_5, room_6,
          room_7, room_8, room_9, room_10, room_11, room_12, room_13, room_14,
          room_15, room_16, room_17, room_18, room_19, room_20, room_21,
          room_22, room_23, room_24, room_25, room_26, room_27]

Skill      XL: |  1  2  3  4  5  6  7  8  9 10 11 12 |
---------------+-------------------------------------+-----
Axes           | 10 13 15 18 | 18.0
Fighting       | 9 10 13 17 18 | 18.0
Armour         | 8 9 12 15 18 | 18.0
Shields        | 8 9 11 14 15 | 15.0
Invocations    | 8 9 |  9.1
Dodging        | 9 |  9.6

Action                   |  1- 3 |  4- 6 |  7- 9 | 10-12 || total
-------------------------+-------+-------+-------+-------++-------
Melee: War axe           |     5 |       |       |    73 ||    78
       Broad axe         |       |       |    59 |    64 ||   123
Invok: Greater Servant o |       |       |       |     4 ||     4
Evoke: Wand              |     4 |       |     4 |     5 ||    13
  Use: Potion            |     1 |       |       |     1 ||     2
       Scroll            |       |       |     1 |       ||     1
 Stab: Distracted        |       |       |       |     1 ||     1
  Eat: Chunk             |       |       |       |     1 ||     1
Armor: Crystal plate arm |     8 |       |       |       ||     8
       Plate armour      |       |       |    23 |    72 ||    95
Dodge: Dodged            |     6 |       |     2 |    18 ||    26
Block: Buckler           |     1 |       |       |       ||     1
       Kite shield       |       |       |    77 |   207 ||   284

Table legend:
 A = Non-vault XP
 B = Vault XP
 C = Vault XP percentage of total XP
 D = Non-vault monster count
 E = Vault monster count
 F = Vault count percentage of total count
                 A         B        C        D         E       F
            +---------+---------+-------+---------+---------+-------
      Total |     276 |   30957 |  99.1 |       1 |      90 |  98.9
            +---------+---------+-------+---------+---------+-------
          D |     276 |   30957 |  99.1 |       1 |      90 |  98.9
            +---------+---------+-------+---------+---------+-------
